 Dungeon Crawl Stone Soup version 0.27.0 (webtiles) character file.

Game seed: 7343609454730597505

2109 shadowrider38 the Cleaver (level 9, 0/106 HPs)
             Began as a Minotaur Berserker on July 31, 2021.
             Was a Priest of Trog.
             Slain by a rust devil (6 damage)
             ... on level 1 of the Abyss.
             The game lasted 00:15:11 (5366 turns).

shadowrider38 the Cleaver (Minotaur Berserker)      Turns: 5366, Time: 00:15:12

Health: 0/106      AC:  3    Str: 31    XL:     9   Next: 7%
Magic:  8/8        EV:  8    Int:  4    God:    Trog [***...]
Gold:   158        SH:  0    Dex: 10    Spells: 8/8 levels left

rFire    . . .     SeeInvis +   a - +0 war axe (flame)
rCold    . . .     Faith    .   (no shield)
rNeg     . . .     Spirit   .   t - +0 plate armour
rPois    .         Reflect  .   (helmet restricted)
rElec    .         Harm     .   (no cloak)
rCorr    .         Rampage  .   (no gloves)
Will     .....                  (no boots)
Stlth    ..........             (no amulet)
HPRegen  0.27/turn              b - ring of see invisible
MPRegen  0.11/turn              u - +6 ring of strength

@: berserking (expiring), corroded, very quick
A: horns 2, retaliatory headbutt
a: Renounce Religion, Berserk, Trog's Hand


You were on level 1 of the Abyss.
You worshipped Trog.
Trog was most pleased with you.
You visited 1 branch of the dungeon, and saw 5 of its levels.
You visited the Abyss 1 time.
You also visited: Sewer.

You collected 158 gold pieces.

Inventory:

Hand Weapons
 a - a +0 war axe of flaming (weapon)
 D - a +4 rapier of holy wrath
Missiles
 x - 2 throwing nets (quivered)
Armour
 d - a +2 robe of resistance
 t - a +0 plate armour (worn)
 G - a +2 scale mail of positive energy
Jewellery
 b - a ring of see invisible (left hand)
 s - a +4 ring of evasion
 u - a +6 ring of strength (right hand)
 A - a +4 ring of evasion
Wands
 y - a wand of polymorph (6)
 B - a wand of digging (4)
 F - a wand of flame (14)
Scrolls
 e - a scroll of fear {unknown}
 f - 10 scrolls of identify {unknown}
 h - 2 scrolls of fog {unknown}
 m - a scroll of holy word {unknown}
 n - 3 scrolls of enchant weapon {unknown}
 o - a scroll of blinking {unknown}
 p - 2 scrolls of teleportation {unknown}
 q - 2 scrolls of amnesia {unknown}
 E - a scroll of vulnerability {unknown}
Potions
 c - 5 potions of cancellation {unknown}
 g - a potion of magic {unknown}
 i - 2 potions of attraction {unknown}
 j - 6 potions of might
 k - 3 potions of invisibility {unknown}
 l - 6 potions of haste {unknown}
 r - a potion of curing {unknown}
 v - 2 potions of resistance {unknown}
 w - a potion of mutation {unknown}
 z - a potion of flight {unknown}
 C - a potion of degeneration {unknown}


   Skills:
 - Level 3.9 Fighting
 + Level 13.9 Axes
 - Level 2.5 Armour
 - Level 2.3 Dodging


You had 8 spell levels left.
You didn't know any spells.
Your spell library was empty.

Dungeon Overview and Level Annotations

Branches:
Dungeon (5/15)              Sewer (visited)
 Temple: D:4-7

Altars:
Fedhas
Nemelex Xobeh
Okawaru
Qazlal
Vehumet
Xom

Shops:
D:4 :   D:5 [

Portals:
Abyss: D:5

Annotations:
D:5 1 transporter


Innate Abilities, Weirdness & Mutations

You have a pair of horns on your head.
You reflexively headbutt those who attack you in melee.


Message History

The rust devil screeches!
The small abomination hits you!
* * * LOW HITPOINT WARNING * * *
The small abomination hits you but does no damage.
A red film seems to cover your vision as you go berserk!
You feel yourself moving faster!
You feel mighty!
The small abomination closely misses you.
You slash the small abomination! You burn the small abomination.
Your headbutt misses the small abomination.
The small abomination is heavily damaged.
You completely miss the rust devil. The small abomination hits you!
* * * LOW HITPOINT WARNING * * *
You slice the small abomination!! You burn the small abomination.
You destroy the small abomination!
Trog accepts your kill.
You closely miss the rust devil.
A tentacle flies out from the starspawn's body!
The rust devil hits you.
* * * LOW HITPOINT WARNING * * *
The rust devil corrodes you!
A starspawn tentacle comes into view.
Your plate armour prevents you from hitting the rust devil.
Your headbutt misses the rust devil. You barely miss the rust devil.
Your headbutt misses the rust devil. You hit the smoke demon.
The rust devil hits you. The rust devil corrodes you!
You slash the rust devil!
You headbutt the rust devil, but do no damage.
The rust devil is moderately wounded.
You slash the smoke demon! The smoke demon hits you.
* * * LOW HITPOINT WARNING * * *
The smoke demon hits you.
* * * LOW HITPOINT WARNING * * *
The smoke demon hits you.
* * * LOW HITPOINT WARNING * * *
You are too berserk!
You closely miss the smoke demon. You headbutt the smoke demon.
The smoke demon is heavily wounded.
You hit the rust devil but do no damage.
The rust devil hits you.
You die...

.# ....##. #
# #. ..##..
#. # .# . #
....#.. .# #
.4..# .?
#...#
##.#.#X#####
.#.##...4#.#
..# . # #3@#
.#..###..4##
#..##.#..
...#...####
.# #.#. #
#.... . . ..
.. ..


You could see a tentacled starspawn, a rust devil, a smoke demon and a chaos
spawn.

Vanquished Creatures
  Eustachio (D:5)
  The ghost of Charcat the Chopper, an amateur HOFi (D:5)
  Duvessa (D:5)
  5 ogres
  A centaur (D:5)
  4 kobold brigands (Sewer)
  Dowan (D:5)
  A scorpion (D:5)
  A water moccasin skeleton (D:5)
  A howler monkey (D:5)
  A bullfrog skeleton (D:5)
  A hound (D:5)
  A jelly (D:5)
  A centaur skeleton (D:5)
  Ijyb (D:5)
  2 iguanas
  3 small abominations
  A hound skeleton (D:4)
  A howler monkey skeleton (D:4)
  8 adders
  An ufetubus (D:4)
  An adder skeleton (D:4)
  A worm (D:2)
  2 dart slugs
  4 orcs
  8 endoplasms
  4 giant cockroaches
  10 goblins
  4 hobgoblins
  13 jackals
  3 quokkas
  7 ball pythons
  6 bats
  4 frilled lizards
  20 kobolds
  3 rats
128 creatures vanquished.

Vanquished Creatures (others)
  A fungus (Sewer)
  14 plants
  4 starspawn tentacles (Abyss:1)
19 creatures vanquished.

Grand Total: 147 creatures vanquished

Notes
Turn   | Place    | Note
-------+----------+-------------------------------------------
     0 | D:1      | shadowrider38 the Minotaur Berserker began the quest for
                  | the Orb.
     0 | D:1      | Reached XP level 1. HP: 19/19 MP: 0/0
   151 | D:1      | Reached XP level 2. HP: 25/27 MP: 1/1
   191 | D:1      | Reached skill level 4 in Axes
   989 | D:2      | Reached XP level 3. HP: 27/33 MP: 2/2
  1219 | D:2      | Reached skill level 5 in Axes
  1781 | D:3      | Found a faded altar of an unknown god.
  1844 | D:3      | Found a glowing drain.
  1941 | Sewer    | Entered a sewer
  1960 | Sewer    | Noticed a kobold brigand
  1965 | Sewer    | Reached ** piety under Trog
  1966 | Sewer    | Reached XP level 4. HP: 40/40 MP: 3/3
  1970 | Sewer    | Killed a kobold brigand
  1971 | Sewer    | Reached skill level 6 in Axes
  1971 | Sewer    | Reached XP level 5. HP: 46/46 MP: 4/4
  2120 | Sewer    | Reached skill level 7 in Axes
  2378 | Sewer    | Reached skill level 8 in Axes
  2378 | Sewer    | Reached XP level 6. HP: 52/52 MP: 5/5
  3349 | D:4      | Reached skill level 9 in Axes
  3380 | D:4      | Found a blossoming altar of Fedhas.
  3607 | D:4      | Found a radiant altar of Vehumet.
  3620 | D:4      | Reached *** piety under Trog
  3621 | D:4      | Reached XP level 7. HP: 6/58 MP: 6/6
  3925 | D:4      | Found Fiydye's Book Shoppe.
  4060 | D:4      | Found a stormy altar of Qazlal.
  4248 | D:4      | Found a shimmering altar of Xom.
  4423 | D:5      | Entered Level 5 of the Dungeon
  4424 | D:5      | Noticed Eustachio
  4443 | D:5      | Killed Eustachio
  4444 | D:5      | Reached skill level 10 in Axes
  4577 | D:5      | Noticed Duvessa
  4587 | D:5      | Killed Duvessa
  4588 | D:5      | Reached skill level 11 in Axes
  4588 | D:5      | Noticed Dowan
  4595 | D:5      | Killed Dowan
  4612 | D:5      | Reached XP level 8. HP: 61/66 MP: 7/7
  4666 | D:5      | Found a transporter.
  4688 | D:5      | Found an iron altar of Okawaru.
  4725 | D:5      | Found Xoerubru's Armour Emporium.
  4925 | D:5      | Reached skill level 12 in Axes
  4968 | D:5      | Noticed Ijyb
  4977 | D:5      | Killed Ijyb
  5112 | D:5      | Found a sparkling altar of Nemelex Xobeh.
  5177 | D:5      | Found a transporter.
  5178 | D:5      | Noticed a small abomination
  5184 | D:5      | Found a one-way gate to the infinite horrors of the Abyss.
  5195 | D:5      | Noticed Charcat's ghost (amateur HOFi)
  5230 | D:5      | Reached skill level 13 in Axes
  5296 | D:5      | Killed Charcat's ghost
  5297 | D:5      | Killed a small abomination
  5298 | D:5      | Reached XP level 9. HP: 71/71 MP: 8/8
  5302 | D:5      | Cast into level 1 of the Abyss (gnoll)
  5302 | Abyss:1  | Found a corrupted altar of Lugonu.
  5332 | Abyss:1  | Found a corrupted altar of Lugonu.
  5334 | Abyss:1  | Noticed a smoke demon
  5344 | Abyss:1  | Noticed a tentacled starspawn
  5355 | Abyss:1  | Noticed a rust devil
  5366 | Abyss:1  | Slain by a rust devil

Illustrated notes

Levels and vault maps discovered:
D:1:      dpeg_chamrin_arrival_tetris, layout_loops_ring
D:2:      wander_river, layout_basic
D:3:      layout_basic, serial_forest, infiniplex_forest_straight_3,
          infiniplex_forest_end_3, infiniplex_forest_clump_medium,
          infiniplex_forest_clump_medium, infiniplex_forest_lined_3,
          infiniplex_forest_clump_small, infiniplex_forest_3_way,
          infiniplex_forest_straight_2, ebering_ecumenical_altar_sacrificial,
          portal_sewer_entry_a, corner_web_ring, hangedman_decor_growths,
          nrook_mini_backslash, grunt_ministairs_8, amethyst_killhole,
          kennysheep_generic_room_10
D:4:      layout_basic, nicolae_vehumet_altar_sigil,
          nicolae_qazlal_scattered_showers, lemuel_doored_altar,
          mainiacjoe_overflow_alcove_1, serial_shops, nicolae_square_shop
D:5:      layout_cave_pools, nemelex_dance_club_becter, okawaru_trees_1,
          serial_shops, nicolae_shop_stone, gammafunk_ghost_abyssal_escape,
          uniq_ijyb, uniq_eustachio, uniq_duvessa
Abyss:1:  base: D:3, evilmike_abyss_exit_9

Skill      XL: |  1  2  3  4  5  6  7  8 |
---------------+-------------------------+-----
Axes           | 4 5 6 8 9 11 13 | 13.9
Fighting       | |  3.9
Armour         | |  2.5
Dodging        | |  2.3

Action                   |  1- 3 |  4- 6 |  7- 9 || total
-------------------------+-------+-------+-------++-------
Melee: Hand axe          |    93 |   128 |    22 ||   243
       Headbutt          |     9 |    11 |    25 ||    45
       War axe           |       |       |    72 ||    72
Invok: Berserk           |     2 |     1 |     6 ||     9
 Stab: Distracted        |     1 |       |     1 ||     2
Armor: Robe              |    28 |    16 |       ||    44
       Plate armour      |       |    17 |    39 ||    56
Dodge: Dodged            |    71 |    55 |    31 ||   157
